Lightning vs Penguins
(R1)
Created - May 18, 2020 at 19:11
Goals
|
| Lightning |
1 |
1 |
3 |
5 |
| Penguins |
1 |
0 |
3 |
4 |
|
Shots
|
| Lightning |
5 |
17 |
16 |
38 |
| Penguins |
11 |
5 |
15 |
31 |
|
1st period
1. Lightning , Jon Merrill 1 (Unassisted) at 1:12
2. Penguins , Andrew Cogliano 1 (Dustin Brown 1) at 1:49
Penalties :
Darren Helm (TB.) for Hooking (Minor) at 3:29, Ben Lovejoy (TB.) for Roughing (Double Minor) at 4:54, Sean Bergenheim (Pit) for Holding (Minor) at 12:44, Kris Versteeg (TB.) for Hooking (Minor) at 16:08
2nd period
3. Lightning , Jaden Schwartz 1 (Mark Scheifele 2, Patrick Kaleta 1) at 6:24
Penalties :
Matt Corrente (Pit) for Roughing (Minor) at 8:06, Ales Hemsky (Pit) for Slashing (Minor) at 10:38, Claude Giroux (Pit) for Checking from behind (Minor) at 19:04
3rd period
4. Penguins , Claude Giroux 2 (Victor Hedman 2, Steven Stamkos 2) at 2:32
5. Penguins , Ales Hemsky 1 (Tuomo Ruutu 1, Andrew Cogliano 3) at 5:25
6. Lightning , Tyler Johnson 3 (Henrik Zetterberg 3, Kris Versteeg 2) at 11:27 (PP)
7. Lightning , Henrik Zetterberg 1 (Kris Versteeg 3, Tyler Johnson 1) at 11:37 (PP)
8. Penguins , Steven Stamkos 2 (Marcus Foligno 2, Keith Aulie 1) at 14:59
9. Lightning , Patrick Kaleta 1 (Jaden Schwartz 1, Mark Scheifele 3) at 18:54
Penalties :
Marcus Foligno (Pit) for Roughing (Double Minor) at 11:15
Goalie Stats
Philipp Grubauer (TB.), 27 saves from 31 shots - (0.871), W, 2-1-0, 60:00 minutes
Michal Neuvirth (Pit), 33 saves from 38 shots - (0.868), L, 1-2-0, 59:29 minutes
Players Stats for Lightning
Player Name G A P +/- PIM S H SB GA TA FO MP PP MP PK MP
------------------------------------------------------------------------------------
Alex Goligoski 0 0 0 -1 0 2 3 0 1 1 0/0 25:48 4:58 4:00
Ben Lovejoy 0 0 0 0 4 2 3 0 1 0 0/0 14:49 0:00 1:22
Daniel Carcillo 0 0 0 -2 0 3 0 0 0 1 1/1 17:33 3:17 3:14
Darren Helm 0 0 0 -1 2 2 0 0 0 0 0/0 7:06 0:03 1:00
Henrik Zetterberg 1 1 2 0 0 6 2 0 2 0 0/1 20:29 4:58 0:00
Jaden Schwartz 1 1 2 2 0 3 3 0 0 0 0/0 12:47 0:00 1:05
Jean-Gabriel Pageau 0 0 0 -2 0 1 1 1 0 0 9/16 13:22 0:00 2:46
Jon Merrill 1 0 1 0 0 1 2 0 0 1 0/0 18:53 0:00 4:07
Joni Pitkanen 0 0 0 -1 0 2 2 0 1 1 0/0 24:37 4:58 3:07
Justin Schultz 0 0 0 0 0 0 0 0 0 2 0/0 16:23 3:20 0:27
Kris Versteeg 0 2 2 0 2 1 0 0 0 0 0/1 20:39 5:01 0:00
Mark Scheifele 0 2 2 2 0 1 2 0 0 0 2/5 15:40 3:17 0:21
Mikael Backlund 0 0 0 -1 0 1 0 0 0 0 1/3 6:02 0:00 0:00
Patrick Kaleta 1 1 2 2 0 1 1 0 0 0 0/0 13:43 0:00 2:07
Rasmus Ristolainen 0 0 0 0 0 5 0 1 0 1 0/0 19:51 3:20 1:42
Reilly Smith 0 0 0 -2 0 2 2 0 0 0 0/0 13:57 3:17 0:00
Scottie Upshall 0 0 0 -1 0 0 0 0 0 0 2/2 6:02 0:00 0:00
Tyler Johnson 1 1 2 -1 0 5 3 0 0 1 17/40 24:18 5:01 3:39
Players Stats for Penguins
Player Name G A P +/- PIM S H SB GA TA FO MP PP MP PK MP
------------------------------------------------------------------------------------
Ales Hemsky 1 0 1 1 2 2 0 0 2 0 0/0 7:22 0:32 0:00
Andrew Cogliano 1 1 2 1 0 1 0 1 0 0 0/1 16:29 2:57 2:56
Cal Clutterbuck 0 0 0 0 0 2 4 1 0 0 0/2 11:33 0:35 0:00
Claude Giroux 1 0 1 -1 2 5 1 0 2 0 4/11 23:30 3:47 3:42
Danny DeKeiser 0 0 0 0 0 0 1 0 0 1 0/0 10:30 0:20 0:00
Dustin Brown 0 1 1 1 0 0 1 0 0 0 0/0 13:17 2:57 0:00
Eric Gryba 0 0 0 1 0 2 1 0 0 1 0/0 20:10 3:22 3:57
Joe Colborne 0 0 0 0 0 5 1 0 0 0 3/5 11:49 0:34 0:16
Keith Aulie 0 1 1 0 0 3 3 2 1 0 0/0 29:20 3:41 4:21
Logan Couture 0 0 0 1 0 1 4 0 1 0 4/14 15:28 2:57 1:50
Marcus Foligno 0 1 1 0 4 4 2 0 0 0 1/2 13:39 0:09 1:48
Matt Corrente 0 0 0 0 2 0 1 2 0 0 0/0 10:36 0:20 0:00
Sean Bergenheim 0 0 0 -1 2 0 0 1 1 0 2/2 20:33 3:49 0:58
Sean Zimmerman 0 0 0 0 0 2 2 2 0 0 0/0 29:20 3:41 4:21
Steven Stamkos 1 1 2 -1 0 2 1 0 0 1 20/26 24:37 3:52 5:06
Tomas Plekanec 0 0 0 1 0 1 1 0 0 0 3/6 6:37 0:00 0:00
Tuomo Ruutu 0 1 1 1 0 1 1 0 0 0 0/0 6:37 0:00 0:00
Victor Hedman 0 1 1 1 0 0 0 1 1 2 0/0 20:10 3:22 3:57
3 Stars
1 - Jaden Schwartz (TB.)
2 - Patrick Kaleta (TB.)
3 - Mark Scheifele (TB.)
Power Play
Lightning - 2 on 6 Attempt(s) - 33.33%
Penguins - 0 on 5 Attempt(s) - 0.00%
Penalty Kill
Lightning - 5 on 5 Attempt(s) - 100.00%
- Score 0 goal in Penalty Kill
Penguins - 4 on 6 Attempt(s) - 66.67%
- Score 0 goal in Penalty Kill
Team Stat
Lightning - Hits : 24 - Faceoff Wins : 32 - Blocked Shots : 2 - Penalty Minutes : 8
Penguins - Hits : 24 - Faceoff Wins : 37 - Blocked Shots : 10 - Penalty Minutes : 12
Official
Referees : Unknown
Linesman : Unknown
Game Notes
1:12 of 1st period - Penalty Shot by Jon Merrill for Lightning - Goal!
Finance
Level 1 -- Attendance: 4982 (83.03%) -- Ticket Income $597,840
Level 2 -- Attendance: 5000 (100.00%) -- Ticket Income $350,000
Level 3 -- Attendance: 1895 (94.75%) -- Ticket Income $85,275
Level 4 -- Attendance: 3563 (89.08%) -- Ticket Income $124,705
Luxury Box -- Attendance: 874 (87.40%) -- Ticket Income $174,800
Game was played at the Igloo.
Total Attendance: 16314 (90.63%)
Total Ticket Income: $1,332,620
Other Income: $199,893
Total Income: $1,532,513
Lightning
5 vs 5 Forward
Center Left Wing Right Wing Time % Phy DF OF
1 Tyler Johnson Henrik Zetterberg Kris Versteeg 40 1 2 2
2 Jean-Gabriel Pageau Daniel Carcillo Reilly Smith 30 1 2 2
3 Mark Scheifele Jaden Schwartz Patrick Kaleta 25 1 2 2
4 Mikael Backlund Darren Helm Scottie Upshall 5 1 2 2
5 vs 5 Defense
Defense Defense Time % Phy DF OF
1 Alex Goligoski Joni Pitkanen 35 1 2 2
2 Ben Lovejoy Justin Schultz 30 1 2 2
3 Jon Merrill Rasmus Ristolainen 30 1 2 2
4 Ben Lovejoy Rasmus Ristolainen 5 1 2 2
PowerPlay Forward
Center Left Wing Right Wing Time % Phy DF OF
1 Tyler Johnson Henrik Zetterberg Kris Versteeg 60 1 1 3
2 Mark Scheifele Daniel Carcillo Reilly Smith 40 1 1 3
PowerPlay Defense
Defense Defense Time % Phy DF OF
1 Alex Goligoski Joni Pitkanen 60 1 2 2
2 Justin Schultz Rasmus Ristolainen 40 1 1 3
Penalty Kill 4 Players Forward
Center Wing Time % Phy DF OF
1 Tyler Johnson Daniel Carcillo 60 1 3 1
2 Jean-Gabriel Pageau Patrick Kaleta 40 1 3 1
Penalty Kill 4 Players Defense
Defense Defense Time % Phy DF OF
1 Alex Goligoski Jon Merrill 60 1 3 1
2 Ben Lovejoy Joni Pitkanen 40 1 3 1
Penalty Kill - 3 Players Forward
Forward Time % Phy DF OF
1 Tyler Johnson 60 1 3 1
2 Jean-Gabriel Pageau 40 1 3 1
Penalty Kill - 3 Players Defense
Defense Defense Time % Phy DF OF
1 Alex Goligoski Jon Merrill 60 1 3 1
2 Ben Lovejoy Joni Pitkanen 40 1 3 1
4 vs 4 Forward
Center Wing Time % Phy DF OF
1 Tyler Johnson Henrik Zetterberg 60 1 2 2
2 Mark Scheifele Kris Versteeg 40 1 2 2
4 vs 4 Defense
Defense Defense Time % Phy DF OF
1 Alex Goligoski Joni Pitkanen 60 1 2 2
2 Ben Lovejoy Rasmus Ristolainen 40 1 2 2
Last Minutes Offensive
Center Left Wing Right Wing Defense Defense
Tyler Johnson Henrik Zetterberg Kris Versteeg Alex Goligoski Rasmus Ristolainen
Last Minutes Defensive
Center Left Wing Right Wing Defense Defense
Tyler Johnson Henrik Zetterberg Kris Versteeg Ben Lovejoy Jon Merrill
Goaltenders
Starting : Philipp Grubauer
Backup : Jhonas Enroth
Extra Forwards
Normal : Mark Scheifele, Reilly Smith, Jaden Schwartz - PP : Mark Scheifele, Reilly Smith - PK : Jaden Schwartz
Extra Defensemen
Normal : Jon Merrill, Rasmus Ristolainen, Alex Goligoski - PP : Jon Merrill - PK : Ben Lovejoy, Rasmus Ristolainen
Penalty Shots
Kris Versteeg, Henrik Zetterberg, Jean-Gabriel Pageau, Mark Scheifele, Jaden Schwartz
Scratches
Brendan Bell (Healthy), Jesper Fast (Healthy)
Penguins
5 vs 5 Forward
Center Left Wing Right Wing Time % Phy DF OF
1 Steven Stamkos Sean Bergenheim Claude Giroux 40 1 2 2
2 Logan Couture Andrew Cogliano Dustin Brown 30 1 2 2
3 Joe Colborne Marcus Foligno Cal Clutterbuck 20 1 2 2
4 Tomas Plekanec Tuomo Ruutu Ales Hemsky 10 1 2 2
5 vs 5 Defense
Defense Defense Time % Phy DF OF
1 Sean Zimmerman Keith Aulie 40 1 2 2
2 Victor Hedman Eric Gryba 30 1 2 2
3 Danny DeKeiser Matt Corrente 20 1 2 2
4 Sean Zimmerman Keith Aulie 10 1 2 2
PowerPlay Forward
Center Left Wing Right Wing Time % Phy DF OF
1 Steven Stamkos Sean Bergenheim Claude Giroux 60 1 2 2
2 Logan Couture Andrew Cogliano Dustin Brown 40 1 2 2
PowerPlay Defense
Defense Defense Time % Phy DF OF
1 Sean Zimmerman Keith Aulie 60 1 2 2
2 Victor Hedman Eric Gryba 40 1 2 2
Penalty Kill 4 Players Forward
Center Wing Time % Phy DF OF
1 Claude Giroux Steven Stamkos 60 1 2 2
2 Sean Bergenheim Andrew Cogliano 40 1 2 2
Penalty Kill 4 Players Defense
Defense Defense Time % Phy DF OF
1 Sean Zimmerman Keith Aulie 60 1 2 2
2 Victor Hedman Eric Gryba 40 1 2 2
Penalty Kill - 3 Players Forward
Forward Time % Phy DF OF
1 Claude Giroux 60 1 2 2
2 Steven Stamkos 40 1 2 2
Penalty Kill - 3 Players Defense
Defense Defense Time % Phy DF OF
1 Sean Zimmerman Keith Aulie 60 1 2 2
2 Victor Hedman Eric Gryba 40 1 2 2
4 vs 4 Forward
Center Wing Time % Phy DF OF
1 Claude Giroux Steven Stamkos 60 1 2 2
2 Sean Bergenheim Andrew Cogliano 40 1 2 2
4 vs 4 Defense
Defense Defense Time % Phy DF OF
1 Sean Zimmerman Keith Aulie 60 1 2 2
2 Victor Hedman Eric Gryba 40 1 2 2
Last Minutes Offensive
Center Left Wing Right Wing Defense Defense
Steven Stamkos Sean Bergenheim Claude Giroux Sean Zimmerman Keith Aulie
Last Minutes Defensive
Center Left Wing Right Wing Defense Defense
Steven Stamkos Sean Bergenheim Claude Giroux Sean Zimmerman Keith Aulie
Goaltenders
Starting : Michal Neuvirth
Backup : Sergei Bobrovsky
Extra Forwards
Normal : Cal Clutterbuck, Joe Colborne, Marcus Foligno - PP : Cal Clutterbuck, Joe Colborne - PK : Marcus Foligno
Extra Defensemen
Normal : Danny DeKeiser, Matt Corrente, Victor Hedman - PP : Danny DeKeiser - PK : Matt Corrente, Victor Hedman
Penalty Shots
Claude Giroux, Steven Stamkos, Sean Bergenheim, Andrew Cogliano, Dustin Brown
Scratches
Michael Raffl (Healthy)
% Time on Ice - Lightning
Lines # - Real PCT - Wanted PCT - Time Play
Normal Forward
1 - 35% - 40% - 14:56
2 - 25% - 30% - 10:40
3 - 27% - 25% - 11:36
4 - 14% - 5% - 6:02
Normal Defense
1 - 38% - 35% - 16:38
2 - 32% - 30% - 13:51
3 - 29% - 30% - 12:20
4 - 1% - 5% - 0:25
PP Forward
1 - 60% - 60% - 5:01
2 - 40% - 40% - 3:17
PP Defense
1 - 60% - 60% - 4:58
2 - 40% - 40% - 3:20
PK Forward
1 - 64% - 60% - 4:23
2 - 36% - 40% - 2:26
PK Defense
1 - 44% - 60% - 2:59
2 - 56% - 40% - 3:50
PK3 Forward
1 - 74% - 60% - 0:25
2 - 26% - 40% - 0:09
PK3 Defense
1 - 91% - 60% - 0:31
2 - 9% - 40% - 0:03
44 Forward
1 - 0% - 60%
2 - 0% - 40%
44 Defense
1 - 0% - 60%
2 - 0% - 40%
Last Minute Offensive - 0:00
Last Minute Defensive - 1:05
Total
Forward - 60:00
Defense - 60:00
|
% Time on Ice - Penguins
Lines # - Real PCT - Wanted PCT - Time Play
Normal Forward
1 - 38% - 40% - 16:24
2 - 24% - 30% - 10:20
3 - 23% - 20% - 9:53
4 - 15% - 10% - 6:37
Normal Defense
1 - 43% - 40% - 18:34
2 - 30% - 30% - 12:51
3 - 22% - 20% - 9:33
4 - 5% - 10% - 2:16
PP Forward
1 - 60% - 60% - 4:26
2 - 40% - 40% - 2:57
PP Defense
1 - 54% - 60% - 4:01
2 - 46% - 40% - 3:22
PK Forward
1 - 80% - 60% - 6:37
2 - 20% - 40% - 1:41
PK Defense
1 - 52% - 60% - 4:21
2 - 48% - 40% - 3:57
PK3 Forward
1 - 0% - 60%
2 - 0% - 40%
PK3 Defense
1 - 0% - 60%
2 - 0% - 40%
44 Forward
1 - 0% - 60%
2 - 0% - 40%
44 Defense
1 - 0% - 60%
2 - 0% - 40%
Last Minute Offensive - 1:05
Last Minute Defensive - 0:00
Total
Forward - 60:00
Defense - 60:00
|
Play-by-Play
1st period
0:01 of 1st period - Steven Stamkos wins face-off versus Tyler Johnson in neutral zone.
0:04 of 1st period - Snap shot by Claude Giroux.
0:04 of 1st period - Shot Misses the Net.
0:08 of 1st period - Wrist shot by Claude Giroux.
0:08 of 1st period - Stopped by Philipp Grubauer with a rebound.
0:10 of 1st period - Snap shot by Claude Giroux.
0:10 of 1st period - Stopped by Philipp Grubauer without a rebound.
0:11 of 1st period - Jean-Gabriel Pageau wins face-off versus Logan Couture in Lightning zone.
0:11 of 1st period - Jean-Gabriel Pageau is hit by Logan Couture.
1:12 of 1st period - Penalty Shot by Jon Merrill for Lightning .
1:12 of 1st period - Snap shot by Jon Merrill.
1:12 of 1st period - Goal by Jon Merrill - Lightning : 1 - Penguins : 0.
1:13 of 1st period - Scottie Upshall wins face-off versus Tomas Plekanec in neutral zone.
1:14 of 1st period - Tomas Plekanec wins face-off versus Mikael Backlund in Lightning zone.
1:20 of 1st period - Slapshot by Keith Aulie.
1:20 of 1st period - Stopped by Philipp Grubauer with a rebound.
1:40 of 1st period - Alex Goligoski is hit by Logan Couture and loses puck.
1:49 of 1st period - Snap shot by Andrew Cogliano.
1:49 of 1st period - Goal by Andrew Cogliano - Lightning : 1 - Penguins : 1.
1:50 of 1st period - Steven Stamkos wins face-off versus Tyler Johnson in neutral zone.
1:55 of 1st period - Wrist shot by Steven Stamkos.
1:55 of 1st period - Shot Misses the Net.
2:01 of 1st period - Claude Giroux is hit by Jon Merrill and loses puck.
2:16 of 1st period - Keith Aulie is hit by Reilly Smith.
2:23 of 1st period - Icing by Andrew Cogliano.
2:24 of 1st period - Mark Scheifele wins face-off versus Andrew Cogliano in Penguins zone.
3:15 of 1st period - Slapshot by Daniel Carcillo.
3:15 of 1st period - Stopped by Michal Neuvirth with a rebound.
3:29 of 1st period - Minor Penalty to Darren Helm for Hooking.
3:30 of 1st period - Steven Stamkos wins face-off versus Tyler Johnson in Lightning zone.
4:04 of 1st period - Slapshot by Victor Hedman.
4:04 of 1st period - Shot Blocked by Jean-Gabriel Pageau.
4:06 of 1st period - Backhand shot by Eric Gryba.
4:06 of 1st period - Stopped by Philipp Grubauer without a rebound.
4:07 of 1st period - Steven Stamkos wins face-off versus Tyler Johnson in Lightning zone.
4:54 of 1st period - Double Minor Penalty to Ben Lovejoy for Roughing.
4:55 of 1st period - Tyler Johnson wins face-off versus Steven Stamkos in Lightning zone.
5:25 of 1st period - Off-side.
5:26 of 1st period - Logan Couture wins face-off versus Jean-Gabriel Pageau in neutral zone.
5:29 of 1st period - Penalty to Darren Helm is over, Darren Helm is back on ice.
7:16 of 1st period - Snap shot by Jaden Schwartz.
7:16 of 1st period - Shot Misses the Net.
7:32 of 1st period - Jon Merrill is hit by Steven Stamkos and loses puck.
7:49 of 1st period - Patrick Kaleta is hit by Cal Clutterbuck and loses puck.
8:54 of 1st period - Penalty to Ben Lovejoy is over, Ben Lovejoy is back on ice.
9:25 of 1st period - Slapshot by Mikael Backlund.
9:25 of 1st period - Stopped by Michal Neuvirth with a rebound.
10:13 of 1st period - Slapshot by Ben Lovejoy.
10:13 of 1st period - Deflect By Mikael Backlund.
10:13 of 1st period - Shot Misses the Net.
10:13 of 1st period - Puck is out of play.
10:14 of 1st period - Mikael Backlund wins face-off versus Joe Colborne in Penguins zone.
10:27 of 1st period - Ben Lovejoy is hit by Joe Colborne and loses puck.
11:01 of 1st period - Andrew Cogliano is hit by Ben Lovejoy and loses puck.
11:38 of 1st period - Kris Versteeg is hit by Danny DeKeiser and loses puck.
12:02 of 1st period - Darren Helm is hit by Cal Clutterbuck and loses puck.
12:41 of 1st period - Slapshot by Ben Lovejoy.
12:41 of 1st period - Stopped by Michal Neuvirth without a rebound.
12:42 of 1st period - Steven Stamkos wins face-off versus Jean-Gabriel Pageau in Penguins zone.
12:44 of 1st period - Minor Penalty to Sean Bergenheim for Holding.
12:45 of 1st period - Tyler Johnson wins face-off versus Claude Giroux in Penguins zone.
12:57 of 1st period - Claude Giroux is hit by Henrik Zetterberg and loses puck.
13:35 of 1st period - Andrew Cogliano is hit by Tyler Johnson and loses puck.
14:44 of 1st period - Penalty to Sean Bergenheim is over, Sean Bergenheim is back on ice.
14:52 of 1st period - Snap shot by Mikael Backlund.
14:52 of 1st period - Deflect By Darren Helm.
14:52 of 1st period - Stopped by Michal Neuvirth with a rebound.
15:11 of 1st period - Off-side.
15:12 of 1st period - Tomas Plekanec wins face-off versus Mark Scheifele in neutral zone.
15:35 of 1st period - Wrist shot by Tomas Plekanec.
15:35 of 1st period - Stopped by Philipp Grubauer with a rebound.
15:41 of 1st period - Tomas Plekanec is hit by Alex Goligoski and loses puck.
15:56 of 1st period - Wrist shot by Mark Scheifele.
15:56 of 1st period - Shot Misses the Net.
15:58 of 1st period - Snap shot by Joni Pitkanen.
15:58 of 1st period - Stopped by Michal Neuvirth without a rebound.
15:59 of 1st period - Steven Stamkos wins face-off versus Tyler Johnson in Penguins zone.
15:59 of 1st period - Steven Stamkos is hit by Tyler Johnson.
16:08 of 1st period - Minor Penalty to Kris Versteeg for Hooking.
16:09 of 1st period - Tyler Johnson wins face-off versus Steven Stamkos in Lightning zone.
16:17 of 1st period - Slapshot by Keith Aulie.
16:17 of 1st period - Stopped by Philipp Grubauer with a rebound.
16:19 of 1st period - Slapshot by Sean Zimmerman.
16:19 of 1st period - Deflect By Claude Giroux.
16:19 of 1st period - Stopped by Philipp Grubauer with a rebound.
16:21 of 1st period - Slapshot by Keith Aulie.
16:21 of 1st period - Stopped by Philipp Grubauer without a rebound.
16:22 of 1st period - Steven Stamkos wins face-off versus Tyler Johnson in Lightning zone.
16:49 of 1st period - Sean Zimmerman is hit by Patrick Kaleta and loses puck.
16:58 of 1st period - Wrist shot by Patrick Kaleta.
16:58 of 1st period - Shot Misses the Net.
18:08 of 1st period - Penalty to Kris Versteeg is over, Kris Versteeg is back on ice.
18:51 of 1st period - Snap shot by Ales Hemsky.
18:51 of 1st period - Stopped by Philipp Grubauer without a rebound.
18:52 of 1st period - Daniel Carcillo wins face-off versus Logan Couture in Lightning zone.
18:52 of 1st period - Daniel Carcillo is hit by Logan Couture.
19:16 of 1st period - Kris Versteeg is hit by Sean Zimmerman and loses puck.
19:27 of 1st period - Wrist shot by Joe Colborne.
19:27 of 1st period - Stopped by Philipp Grubauer with a rebound.
19:29 of 1st period - Backhand shot by Matt Corrente.
19:29 of 1st period - Shot Misses the Net.
19:43 of 1st period - Patrick Kaleta is hit by Claude Giroux and loses puck.
Goals for this period are 1 for Lightning vs 1 for Penguins.
Shots for this period are 5 for Lightning vs 11 for Penguins.
2nd period
0:01 of 2nd period - Tyler Johnson wins face-off versus Claude Giroux in neutral zone.
0:51 of 2nd period - Slapshot by Rasmus Ristolainen.
0:51 of 2nd period - Stopped by Michal Neuvirth with a rebound.
0:53 of 2nd period - Snap shot by Tyler Johnson.
0:53 of 2nd period - Stopped by Michal Neuvirth with a rebound.
1:54 of 2nd period - Wrist shot by Henrik Zetterberg.
1:54 of 2nd period - Stopped by Michal Neuvirth without a rebound.
1:55 of 2nd period - Jean-Gabriel Pageau wins face-off versus Logan Couture in Penguins zone.
3:09 of 2nd period - Wrist shot by Andrew Cogliano.
3:09 of 2nd period - Shot Misses the Net.
3:23 of 2nd period - Danny DeKeiser is hit by Jaden Schwartz and loses puck.
3:54 of 2nd period - Ben Lovejoy is hit by Tomas Plekanec.
4:08 of 2nd period - Justin Schultz is hit by Cal Clutterbuck and loses puck.
4:45 of 2nd period - Cal Clutterbuck is hit by Mark Scheifele and loses puck.
5:25 of 2nd period - Scottie Upshall is hit by Tuomo Ruutu and loses puck.
5:45 of 2nd period - Rasmus Ristolainen is hit by Keith Aulie and loses puck.
6:04 of 2nd period - Daniel Carcillo is hit by Keith Aulie and loses puck.
6:15 of 2nd period - Steven Stamkos is hit by Jaden Schwartz and loses puck.
6:24 of 2nd period - Snap shot by Jaden Schwartz.
6:24 of 2nd period - Goal by Jaden Schwartz - Lightning : 2 - Penguins : 1.
6:25 of 2nd period - Steven Stamkos wins face-off versus Tyler Johnson in neutral zone.
6:30 of 2nd period - Wrist shot by Steven Stamkos.
6:30 of 2nd period - Shot Misses the Net.
6:38 of 2nd period - Wrist shot by Claude Giroux.
6:38 of 2nd period - Shot Misses the Net.
6:40 of 2nd period - Slapshot by Sean Bergenheim.
6:40 of 2nd period - Deflect By Joni Pitkanen.
6:40 of 2nd period - Shot Misses the Net.
6:40 of 2nd period - Puck is out of play.
6:41 of 2nd period - Jean-Gabriel Pageau wins face-off versus Logan Couture in Lightning zone.
6:50 of 2nd period - Wrist shot by Jean-Gabriel Pageau.
6:50 of 2nd period - Shot Misses the Net.
6:52 of 2nd period - Wrist shot by Reilly Smith.
6:52 of 2nd period - Stopped by Michal Neuvirth without a rebound.
6:53 of 2nd period - Steven Stamkos wins face-off versus Tyler Johnson in Penguins zone.
7:57 of 2nd period - Icing by Alex Goligoski.
7:58 of 2nd period - Tyler Johnson wins face-off versus Steven Stamkos in Lightning zone.
8:06 of 2nd period - Minor Penalty to Matt Corrente for Roughing.
8:07 of 2nd period - Tyler Johnson wins face-off versus Claude Giroux in Penguins zone.
8:10 of 2nd period - Wrist shot by Tyler Johnson.
8:10 of 2nd period - Stopped by Michal Neuvirth without a rebound.
8:11 of 2nd period - Claude Giroux wins face-off versus Tyler Johnson in Penguins zone.
10:06 of 2nd period - Penalty to Matt Corrente is over, Matt Corrente is back on ice.
10:16 of 2nd period - Snap shot by Marcus Foligno.
10:16 of 2nd period - Stopped by Philipp Grubauer without a rebound.
10:17 of 2nd period - Tomas Plekanec wins face-off versus Mikael Backlund in Lightning zone.
10:38 of 2nd period - Minor Penalty to Ales Hemsky for Slashing.
10:39 of 2nd period - Tyler Johnson wins face-off versus Claude Giroux in Penguins zone.
10:40 of 2nd period - Wrist shot by Kris Versteeg.
10:40 of 2nd period - Stopped by Michal Neuvirth without a rebound.
10:41 of 2nd period - Tyler Johnson wins face-off versus Claude Giroux in Penguins zone.
11:14 of 2nd period - Slapshot by Alex Goligoski.
11:14 of 2nd period - Stopped by Michal Neuvirth without a rebound.
11:15 of 2nd period - Sean Bergenheim wins face-off versus Mark Scheifele in Penguins zone.
11:20 of 2nd period - Reilly Smith is hit by Eric Gryba.
11:28 of 2nd period - Snap shot by Reilly Smith.
11:28 of 2nd period - Shot Misses the Net.
11:30 of 2nd period - Wrist shot by Mark Scheifele.
11:30 of 2nd period - Stopped by Michal Neuvirth with a rebound.
11:49 of 2nd period - Wrist shot by Tyler Johnson.
11:49 of 2nd period - Deflect By Kris Versteeg.
11:49 of 2nd period - Shot Blocked by Victor Hedman.
11:49 of 2nd period - Puck is out of play.
11:50 of 2nd period - Claude Giroux wins face-off versus Tyler Johnson in Penguins zone.
12:19 of 2nd period - Backhand shot by Alex Goligoski.
12:19 of 2nd period - Shot Misses the Net.
12:21 of 2nd period - Wrist shot by Daniel Carcillo.
12:21 of 2nd period - Stopped by Michal Neuvirth without a rebound.
12:22 of 2nd period - Sean Bergenheim wins face-off versus Tyler Johnson in Penguins zone.
12:30 of 2nd period - Slapshot by Rasmus Ristolainen.
12:30 of 2nd period - Stopped by Michal Neuvirth without a rebound.
12:31 of 2nd period - Tyler Johnson wins face-off versus Claude Giroux in Penguins zone.
12:38 of 2nd period - Penalty to Ales Hemsky is over, Ales Hemsky is back on ice.
12:46 of 2nd period - Wrist shot by Henrik Zetterberg.
12:46 of 2nd period - Stopped by Michal Neuvirth with a rebound.
12:48 of 2nd period - Slapshot by Tyler Johnson.
12:48 of 2nd period - Stopped by Michal Neuvirth with a rebound.
12:50 of 2nd period - Slapshot by Rasmus Ristolainen.
12:50 of 2nd period - Stopped by Michal Neuvirth without a rebound.
12:51 of 2nd period - Jean-Gabriel Pageau wins face-off versus Logan Couture in Penguins zone.
12:52 of 2nd period - Slapshot by Daniel Carcillo.
12:52 of 2nd period - Stopped by Michal Neuvirth without a rebound.
12:53 of 2nd period - Logan Couture wins face-off versus Jean-Gabriel Pageau in Penguins zone.
14:00 of 2nd period - Icing by Sean Zimmerman.
14:01 of 2nd period - Jean-Gabriel Pageau wins face-off versus Joe Colborne in Penguins zone.
14:14 of 2nd period - Snap shot by Joe Colborne.
14:14 of 2nd period - Stopped by Philipp Grubauer without a rebound.
14:15 of 2nd period - Tyler Johnson wins face-off versus Logan Couture in Lightning zone.
14:21 of 2nd period - Icing by Rasmus Ristolainen.
14:22 of 2nd period - Tyler Johnson wins face-off versus Logan Couture in Lightning zone.
14:49 of 2nd period - Snap shot by Tyler Johnson.
14:49 of 2nd period - Shot Blocked by Andrew Cogliano.
14:51 of 2nd period - Slapshot by Jon Merrill.
14:51 of 2nd period - Stopped by Michal Neuvirth with a rebound.
15:05 of 2nd period - Slapshot by Henrik Zetterberg.
15:05 of 2nd period - Stopped by Michal Neuvirth without a rebound.
15:06 of 2nd period - Steven Stamkos wins face-off versus Jean-Gabriel Pageau in Penguins zone.
15:06 of 2nd period - Steven Stamkos is hit by Jean-Gabriel Pageau.
15:42 of 2nd period - Slapshot by Keith Aulie.
15:42 of 2nd period - Shot Misses the Net.
16:07 of 2nd period - Matt Corrente is hit by Ben Lovejoy and loses puck.
16:20 of 2nd period - Snap shot by Tyler Johnson.
16:20 of 2nd period - Shot Misses the Net.
16:22 of 2nd period - Wrist shot by Tyler Johnson.
16:22 of 2nd period - Shot Misses the Net.
16:52 of 2nd period - Slapshot by Claude Giroux.
16:52 of 2nd period - Deflect By Steven Stamkos.
16:52 of 2nd period - Shot Misses the Net.
16:52 of 2nd period - Puck is out of play.
16:53 of 2nd period - Tyler Johnson wins face-off versus Logan Couture in Lightning zone.
17:10 of 2nd period - Wrist shot by Henrik Zetterberg.
17:10 of 2nd period - Shot Blocked by Keith Aulie.
17:25 of 2nd period - Snap shot by Claude Giroux.
17:25 of 2nd period - Shot Misses the Net.
17:57 of 2nd period - Sean Zimmerman is hit by Alex Goligoski and loses puck.
18:10 of 2nd period - Snap shot by Joe Colborne.
18:10 of 2nd period - Deflect By Marcus Foligno.
18:10 of 2nd period - Stopped by Philipp Grubauer with a rebound.
18:12 of 2nd period - Wrist shot by Joe Colborne.
18:12 of 2nd period - Shot Misses the Net.
18:14 of 2nd period - Backhand shot by Sean Zimmerman.
18:14 of 2nd period - Deflect By Jaden Schwartz.
18:14 of 2nd period - Stopped by Philipp Grubauer with a rebound.
18:16 of 2nd period - Slapshot by Sean Zimmerman.
18:16 of 2nd period - Stopped by Philipp Grubauer with a rebound.
18:53 of 2nd period - Wrist shot by Joe Colborne.
18:53 of 2nd period - Deflect By Jaden Schwartz.
18:53 of 2nd period - Shot Misses the Net.
18:53 of 2nd period - Puck is out of play.
18:54 of 2nd period - Steven Stamkos wins face-off versus Tyler Johnson in Lightning zone.
19:04 of 2nd period - Minor Penalty to Claude Giroux for Checking from behind.
19:05 of 2nd period - Logan Couture wins face-off versus Tyler Johnson in Penguins zone.
19:18 of 2nd period - Slapshot by Steven Stamkos.
19:18 of 2nd period - Shot Hit the Post.
19:49 of 2nd period - Andrew Cogliano is hit by Reilly Smith and loses puck.
Goals for this period are 1 for Lightning vs 0 for Penguins.
Shots for this period are 17 for Lightning vs 5 for Penguins.
3rd period
0:01 of 3rd period - Marcus Foligno wins face-off versus Tyler Johnson in neutral zone.
0:12 of 3rd period - Steven Stamkos is hit by Henrik Zetterberg and loses puck.
0:27 of 3rd period - Alex Goligoski is hit by Keith Aulie and loses puck.
0:40 of 3rd period - Eric Gryba is hit by Mark Scheifele and loses puck.
1:04 of 3rd period - Penalty to Claude Giroux is over, Claude Giroux is back on ice.
1:09 of 3rd period - Icing by Marcus Foligno.
1:10 of 3rd period - Jean-Gabriel Pageau wins face-off versus Marcus Foligno in Penguins zone.
1:19 of 3rd period - Snap shot by Reilly Smith.
1:19 of 3rd period - Stopped by Michal Neuvirth without a rebound.
1:20 of 3rd period - Jean-Gabriel Pageau wins face-off versus Steven Stamkos in Penguins zone.
1:21 of 3rd period - Wrist shot by Daniel Carcillo.
1:21 of 3rd period - Shot Misses the Net.
2:32 of 3rd period - Snap shot by Claude Giroux.
2:32 of 3rd period - Goal by Claude Giroux - Lightning : 2 - Penguins : 2.
2:33 of 3rd period - Logan Couture wins face-off versus Tyler Johnson in neutral zone.
2:38 of 3rd period - Slapshot by Andrew Cogliano.
2:38 of 3rd period - Shot Misses the Net.
3:01 of 3rd period - Icing by Kris Versteeg.
3:02 of 3rd period - Joe Colborne wins face-off versus Kris Versteeg in Lightning zone.
3:09 of 3rd period - Snap shot by Cal Clutterbuck.
3:09 of 3rd period - Deflect By Rasmus Ristolainen.
3:09 of 3rd period - Stopped by Philipp Grubauer with a rebound.
3:17 of 3rd period - Slapshot by Rasmus Ristolainen.
3:17 of 3rd period - Stopped by Michal Neuvirth with a rebound.
3:19 of 3rd period - Wrist shot by Henrik Zetterberg.
3:19 of 3rd period - Stopped by Michal Neuvirth without a rebound.
3:20 of 3rd period - Steven Stamkos wins face-off versus Jean-Gabriel Pageau in Penguins zone.
3:47 of 3rd period - Patrick Kaleta is hit by Logan Couture and loses puck.
3:54 of 3rd period - Snap shot by Logan Couture.
3:54 of 3rd period - Stopped by Philipp Grubauer with a rebound.
4:08 of 3rd period - Slapshot by Rasmus Ristolainen.
4:08 of 3rd period - Stopped by Michal Neuvirth with a rebound.
4:10 of 3rd period - Wrist shot by Scottie Upshall.
4:10 of 3rd period - Shot Misses the Net.
4:16 of 3rd period - Snap shot by Mikael Backlund.
4:16 of 3rd period - Deflect By Darren Helm.
4:16 of 3rd period - Stopped by Michal Neuvirth without a rebound.
4:17 of 3rd period - Steven Stamkos wins face-off versus Tyler Johnson in Penguins zone.
4:26 of 3rd period - Slapshot by Steven Stamkos.
4:26 of 3rd period - Stopped by Philipp Grubauer without a rebound.
4:27 of 3rd period - Steven Stamkos wins face-off versus Tyler Johnson in Lightning zone.
4:31 of 3rd period - Icing by Rasmus Ristolainen.
4:32 of 3rd period - Steven Stamkos wins face-off versus Tyler Johnson in Lightning zone.
5:01 of 3rd period - Slapshot by Joe Colborne.
5:01 of 3rd period - Shot Misses the Net.
5:03 of 3rd period - Slapshot by Eric Gryba.
5:03 of 3rd period - Stopped by Philipp Grubauer with a rebound.
5:11 of 3rd period - Wrist shot by Marcus Foligno.
5:11 of 3rd period - Shot Misses the Net.
5:25 of 3rd period - Snap shot by Ales Hemsky.
5:25 of 3rd period - Goal by Ales Hemsky - Lightning : 2 - Penguins : 3.
5:26 of 3rd period - Steven Stamkos wins face-off versus Jean-Gabriel Pageau in neutral zone.
6:13 of 3rd period - Mikael Backlund is hit by Marcus Foligno and loses puck.
6:42 of 3rd period - Snap shot by Claude Giroux.
6:42 of 3rd period - Stopped by Philipp Grubauer without a rebound.
6:43 of 3rd period - Tyler Johnson wins face-off versus Logan Couture in Lightning zone.
7:10 of 3rd period - Claude Giroux is hit by Joni Pitkanen and loses puck.
7:37 of 3rd period - Mark Scheifele is hit by Cal Clutterbuck and loses puck.
7:53 of 3rd period - Icing by Jaden Schwartz.
7:54 of 3rd period - Scottie Upshall wins face-off versus Tomas Plekanec in Lightning zone.
8:05 of 3rd period - Slapshot by Tuomo Ruutu.
8:05 of 3rd period - Stopped by Philipp Grubauer with a rebound.
9:10 of 3rd period - Slapshot by Victor Hedman.
9:10 of 3rd period - Shot Blocked by Rasmus Ristolainen.
9:12 of 3rd period - Slapshot by Marcus Foligno.
9:12 of 3rd period - Stopped by Philipp Grubauer with a rebound.
9:14 of 3rd period - Slapshot by Eric Gryba.
9:14 of 3rd period - Deflect By Joe Colborne.
9:14 of 3rd period - Stopped by Philipp Grubauer with a rebound.
9:16 of 3rd period - Wrist shot by Cal Clutterbuck.
9:16 of 3rd period - Deflect By Joe Colborne.
9:16 of 3rd period - Stopped by Philipp Grubauer with a rebound.
9:34 of 3rd period - Snap shot by Tyler Johnson.
9:34 of 3rd period - Stopped by Michal Neuvirth without a rebound.
9:35 of 3rd period - Jean-Gabriel Pageau wins face-off versus Steven Stamkos in Penguins zone.
9:38 of 3rd period - Wrist shot by Jean-Gabriel Pageau.
9:38 of 3rd period - Stopped by Michal Neuvirth without a rebound.
9:39 of 3rd period - Steven Stamkos wins face-off versus Jean-Gabriel Pageau in Penguins zone.
9:39 of 3rd period - Steven Stamkos is hit by Alex Goligoski.
10:04 of 3rd period - Off-side.
10:05 of 3rd period - Joe Colborne wins face-off versus Tyler Johnson in neutral zone.
10:15 of 3rd period - Rasmus Ristolainen is hit by Sean Zimmerman and loses puck.
10:29 of 3rd period - Icing by Sean Zimmerman.
10:30 of 3rd period - Claude Giroux wins face-off versus Mark Scheifele in Penguins zone.
10:57 of 3rd period - Victor Hedman is hit by Tyler Johnson and loses puck.
11:15 of 3rd period - Double Minor Penalty to Marcus Foligno for Roughing.
11:16 of 3rd period - Claude Giroux wins face-off versus Tyler Johnson in Penguins zone.
11:27 of 3rd period - Snap shot by Tyler Johnson.
11:27 of 3rd period - Goal by Tyler Johnson - Lightning : 3 - Penguins : 3.
11:28 of 3rd period - Tyler Johnson wins face-off versus Claude Giroux in neutral zone.
11:31 of 3rd period - Wrist shot by Alex Goligoski.
11:31 of 3rd period - Shot Blocked by Sean Zimmerman.
11:37 of 3rd period - Wrist shot by Henrik Zetterberg.
11:37 of 3rd period - Goal by Henrik Zetterberg - Lightning : 4 - Penguins : 3.
11:38 of 3rd period - Tyler Johnson wins face-off versus Steven Stamkos in neutral zone.
11:41 of 3rd period - Backhand shot by Alex Goligoski.
11:41 of 3rd period - Shot Blocked by Keith Aulie.
11:43 of 3rd period - Snap shot by Joni Pitkanen.
11:43 of 3rd period - Stopped by Michal Neuvirth without a rebound.
11:44 of 3rd period - Steven Stamkos wins face-off versus Henrik Zetterberg in Penguins zone.
12:34 of 3rd period - Icing by Jean-Gabriel Pageau.
12:35 of 3rd period - Jean-Gabriel Pageau wins face-off versus Logan Couture in Lightning zone.
12:35 of 3rd period - Jean-Gabriel Pageau is hit by Dustin Brown.
13:25 of 3rd period - Icing by Ales Hemsky.
13:26 of 3rd period - Mark Scheifele wins face-off versus Tomas Plekanec in Penguins zone.
13:27 of 3rd period - Wrist shot by Jaden Schwartz.
13:27 of 3rd period - Stopped by Michal Neuvirth without a rebound.
13:28 of 3rd period - Steven Stamkos wins face-off versus Tyler Johnson in Penguins zone.
14:36 of 3rd period - Cal Clutterbuck is hit by Jon Merrill and loses puck.
14:59 of 3rd period - Snap shot by Steven Stamkos.
14:59 of 3rd period - Goal by Steven Stamkos - Lightning : 4 - Penguins : 4.
15:00 of 3rd period - Steven Stamkos wins face-off versus Tyler Johnson in neutral zone.
15:00 of 3rd period - Steven Stamkos is hit by Ben Lovejoy.
15:08 of 3rd period - Slapshot by Justin Schultz.
15:08 of 3rd period - Shot Blocked by Sean Bergenheim.
15:26 of 3rd period - Marcus Foligno is hit by Jaden Schwartz and loses puck.
15:59 of 3rd period - Snap shot by Dustin Brown.
15:59 of 3rd period - Shot Misses the Net.
16:09 of 3rd period - Tomas Plekanec is hit by Joni Pitkanen and loses puck.
16:50 of 3rd period - Slapshot by Alex Goligoski.
16:50 of 3rd period - Shot Blocked by Cal Clutterbuck.
17:00 of 3rd period - Snap shot by Marcus Foligno.
17:00 of 3rd period - Stopped by Philipp Grubauer with a rebound.
17:10 of 3rd period - Slapshot by Alex Goligoski.
17:10 of 3rd period - Deflect By Dustin Brown.
17:10 of 3rd period - Stopped by Michal Neuvirth with a rebound.
17:12 of 3rd period - Slapshot by Joni Pitkanen.
17:12 of 3rd period - Shot Blocked by Sean Zimmerman.
18:09 of 3rd period - Justin Schultz is hit by Matt Corrente and loses puck.
18:34 of 3rd period - Slapshot by Jaden Schwartz.
18:34 of 3rd period - Stopped by Michal Neuvirth with a rebound.
18:36 of 3rd period - Wrist shot by Jaden Schwartz.
18:36 of 3rd period - Shot Blocked by Matt Corrente.
18:38 of 3rd period - Wrist shot by Patrick Kaleta.
18:38 of 3rd period - Shot Misses the Net.
18:40 of 3rd period - Slapshot by Ben Lovejoy.
18:40 of 3rd period - Deflect By Steven Stamkos.
18:40 of 3rd period - Stopped by Michal Neuvirth with a rebound.
18:42 of 3rd period - Snap shot by Mark Scheifele.
18:42 of 3rd period - Shot Blocked by Matt Corrente.
18:44 of 3rd period - Snap shot by Justin Schultz.
18:44 of 3rd period - Shot Misses the Net.
18:46 of 3rd period - Wrist shot by Jaden Schwartz.
18:46 of 3rd period - Shot Misses the Net.
18:54 of 3rd period - Snap shot by Jaden Schwartz.
18:54 of 3rd period - Deflect By Patrick Kaleta.
18:54 of 3rd period - Goal by Patrick Kaleta - Lightning : 5 - Penguins : 4.
18:55 of 3rd period - Tyler Johnson wins face-off versus Cal Clutterbuck in neutral zone.
19:13 of 3rd period - Off-side.
19:14 of 3rd period - Pat Burns call a timeout for Penguins.
19:14 of 3rd period - Tyler Johnson wins face-off versus Cal Clutterbuck in neutral zone.
19:21 of 3rd period - Snap shot by Henrik Zetterberg.
19:21 of 3rd period - Stopped by Michal Neuvirth with a rebound.
19:29 of 3rd period - Penguins, Michal Neuvirth is pulled from the net.
19:45 of 3rd period - Tyler Johnson is hit by Marcus Foligno and loses puck.
19:52 of 3rd period - Snap shot by Joe Colborne.
19:52 of 3rd period - Deflect By Rasmus Ristolainen.
19:52 of 3rd period - Stopped by Philipp Grubauer without a rebound.
19:53 of 3rd period - Joe Colborne wins face-off versus Tyler Johnson in Lightning zone.
19:56 of 3rd period - Snap shot by Cal Clutterbuck.
19:56 of 3rd period - Stopped by Philipp Grubauer with a rebound.
19:58 of 3rd period - Wrist shot by Cal Clutterbuck.
19:58 of 3rd period - Shot Misses the Net.
Goals for this period are 3 for Lightning vs 3 for Penguins.
Shots for this period are 16 for Lightning vs 15 for Penguins.
Back to the Top